 Dungeon Crawl Stone Soup version 0.29.0-15-g675c0067aa (webtiles) character file.

Game seed: 5897480389465511195

61 qw the Chopper (level 4, -1/28 HPs)
             Began as a Gargoyle Fighter on Sept 12, 2022.
             Slain by a gnoll
             ... wielding a +0 vorpal flail
              (3 damage)
             ... on level 2 of the Dungeon.
             The game lasted 00:00:29 (1346 turns).

qw the Chopper (Gargoyle Fighter)                   Turns: 1346, Time: 00:00:29

Health: -1/28      AC: 11    Str: 22    XL:     4   Next: 7%
Magic:  4/4        EV:  9    Int:  8    God:
Gold:   52         SH:  4    Dex:  9    Spells: 3/3 levels left

rFire   . . .      SeeInvis .   Y - +0 war axe
rCold   . . .      Faith    .   c - +0 buckler
rNeg    + . .      Spirit   .   b - +0 scale mail
rPois   inf        Reflect  .   (no helmet)
rElec   +          Harm     .   (no cloak)
rCorr   .          Rampage  .   m - +0 pair of gloves
Will    .....                   (no boots)
Stlth   ..........              (no amulet)
HPRegen 0.09/turn               (no ring)
MPRegen 0.09/turn               (no ring)

@: no status effects
A: sickness immunity, AC +3, negative energy resistance 1, electricity
resistance, torment resistance 1, petrification resistance
a: no special abilities


You were on level 2 of the Dungeon.
You visited 1 branch of the dungeon, and saw 2 of its levels.

You collected 52 gold pieces.


Innate Abilities, Weirdness & Mutations

You are immune to sickness and miasma.
Your stone body is resilient. (AC +3)
You are immune to poison.
You resist negative energy. (rN+)
You are resistant to electric shocks. (rElec)
You are resistant to unholy torment.
You are immune to petrification.


   Skills:
 - Level 3.2 Fighting
 + Level 3.4 Axes
 - Level 1.4 Throwing
 - Level 3.2 Armour
 - Level 3.2 Shields


You had 3 spell levels left.
You didn't know any spells.
Your spell library was empty.

Inventory:

Hand Weapons
 k - a +0 whip
 Y - a +0 war axe (weapon)
Missiles
 o - a javelin (quivered)
Armour
 b - a +0 scale mail (worn)
 c - a +0 buckler (worn)
 m - a +0 pair of gloves (worn)
Scrolls
 a - a scroll of noise {unknown}
 h - a scroll of immolation {unknown}
 i - a scroll of identify
Potions
 d - a potion of might
 e - a potion of heal wounds {unknown}
 f - a potion of mutation {unknown}
 g - a potion of magic {unknown}
 n - a potion of degeneration {unknown}

Dungeon Overview and Level Annotations

Branches:
Dungeon (2/15)

Altars:

Shops:
D:1 (


Message History

o - a javelin
f - a bubbling coppery potion You open the door.
There is an open door here.
g - a fuming sapphire potion You open the door.
There is an open door here.
h - a scroll labelled HONIXUBREMA
Found a mace.
A gnoll comes into view. It is wielding a +0 spear.
The gnoll shouts!
A gnoll comes into view. It is wielding a +0 spear.
1336 ||| Stepping ~*~*~tactically~*~*~ (hiding).
You start waiting.
A gnoll is nearby! 2 gnolls come into view.
A gnoll is wielding a +0 vorpal flail.
The gnoll shouts!
The gnoll hits you from afar with a +0 spear.
The gnoll hits you but does no damage.
The gnoll moves out of view.
The gnoll hits you from afar with a +0 spear.
The gnoll barely misses you.
You hit the gnoll.
The gnoll is moderately wounded.
You slash the gnoll!
The gnoll hits you but does no damage. x2; The gnoll barely misses you.
The gnoll closely misses you.
The gnoll hits you from afar with a +0 spear.
The gnoll hits you with a +0 spear.
You slash the gnoll!
You kill the gnoll!
You slash the gnoll!
You kill the gnoll!
You hit the gnoll but do no damage. The gnoll closely misses you.
The gnoll hits you but does no damage.
Your Throwing skill increases to level 1!
You have reached level 4!
You feel stronger.
You slash the gnoll!
The gnoll is severely wounded.
The gnoll hits you with a +0 vorpal flail!
You die...

##.#####.#...#...#...
..#####.#...#.[.#.#+
................#.#.
.######.#..##..##.#.
#.#.........#.
#####.#..###.####.
...#...........#.
####.########.##.#.
#)@................
......g)#.########.##.##
.......g#.#.............
.#...)..#.#.##).##.##.#.
#......#.#.##........#.
#......#.#......#.####.
###+#.##.#####..#.# #.
.. #..........# #.
#######..#.####.


You could see 2 gnolls.

Vanquished Creatures
  An adder (D:2)
  2 gnolls (D:2)
  3 ball pythons
  5 bats
  An endoplasm (D:1)
  A giant cockroach (D:2)
  5 goblins
  3 hobgoblins (D:1)
  2 jackals (D:1)
  A quokka (D:1)
  6 kobolds (D:1)
  A rat (D:1)
31 creatures vanquished.

Notes
Turn   | Place    | Note
-------+----------+-------------------------------------------
     0 | D:1      | qw the Gargoyle Fighter began the quest for the Orb.
     0 | D:1      | Reached XP level 1. HP: 14/14 MP: 1/1
     0 | D:1      | 0 ||| qw: Version: 0.1-a-119-g272c26d
     0 | D:1      | 0 ||| qw: Game counter: 11034
     0 | D:1      | 0 ||| qw: Always use a shield: true
     0 | D:1      | 0 ||| qw: God list: Okawaru
     0 | D:1      | 0 ||| qw: Allow faded altars: false
     0 | D:1      | 0 ||| qw: Do Orc after D:15 true
     0 | D:1      | 0 ||| qw: Do second Lair branch before Depths: true
     0 | D:1      | 0 ||| qw: Lair rune preference: random
     0 | D:1      | 0 ||| qw: Plans: Normal, Zot, God:TSO, Crypt, Tomb, Pan,
                  | Slime, Hells, Zig, Abyss, Orb
     0 | D:1      | 0 ||| PLANNING D:1-11
   101 | D:1      | 101 ||| Stepping ~*~*~tactically~*~*~ (stealth).
   173 | D:1      | 173 ||| Stepping ~*~*~tactically~*~*~ (stealth).
   176 | D:1      | Reached XP level 2. HP: 19/19 MP: 2/2
   251 | D:1      | 251 ||| DROPPING +0 club.
   464 | D:1      | Reached skill level 3 in Axes
   586 | D:1      | Found Wuraab's Weapon Emporium.
   765 | D:1      | Reached XP level 3. HP: 18/23 MP: 3/3
   922 | D:1      | 922 ||| UPGRADING to +0 pair of gloves.
   927 | D:1      | 927 ||| READING scroll labelled IBRYEBUMUU.
   928 | D:1      | 928 ||| READING scroll labelled FIADON AMIWUEMOE.
   931 | D:1      | 931 ||| READING scroll labelled WURCHI BEYCVY.
   977 | D:1      | 977 ||| READING 2 scrolls labelled ZUGENW QACYG.
   978 | D:1      | 978 ||| READING 2 scrolls labelled DONNUE QISIKH.
   979 | D:1      | 979 ||| READING scroll labelled UDOTRE YNIET.
   980 | D:1      | 980 ||| READING scroll labelled ENISUERELYI.
   981 | D:1      | 981 ||| DROPPING scroll of vulnerability.
  1336 | D:2      | 1336 ||| Stepping ~*~*~tactically~*~*~ (hiding).
  1346 | D:2      | Reached skill level 1 in Throwing
  1346 | D:2      | Reached XP level 4. HP: 11/28 MP: 4/4
  1346 | D:2      | HP: 2/28 [gnoll/+0 vorpal flail (9)]
  1346 | D:2      | Slain by a gnoll

Levels and vault maps discovered:
D:1:      minmay_arrival_four_circles, layout_loops_ring, serial_shops, shop,
          minmay_3d_cube
D:2:      layout_basic, uniq_terence

Skill      XL: |  1  2  3 |
---------------+----------+-----
Axes           | 2 3 |  3.4
Throwing       | 1 |  1.4
Fighting       | |  3.2
Armour         | |  3.2
Shields        | |  3.2

Action                   |  1- 3 |  4- 6 || total
-------------------------+-------+-------++-------
Melee: War axe           |    76 |     1 ||    77
Throw: Javelin           |    18 |       ||    18
  Use: Scroll            |     7 |       ||     7
Armor: Scale mail        |    51 |       ||    51
Dodge: Dodged            |    43 |       ||    43
Block: Buckler           |    21 |       ||    21

Table legend:
 A = Non-vault XP
 B = Vault XP
 C = Vault XP percentage of total XP
 D = Non-vault monster count
 E = Vault monster count
 F = Vault count percentage of total count
                 A         B        C        D         E       F
            +---------+---------+-------+---------+---------+-------
      Total |      82 |       6 |   6.8 |      27 |       4 |  12.9
            +---------+---------+-------+---------+---------+-------
        D:1 |      31 |       6 |  16.2 |      18 |       4 |  18.2
        D:2 |      51 |       0 |   0.0 |       9 |       0 |   0.0
            +---------+---------+-------+---------+---------+-------
